[Event "1st Serbian League 2022"]
[Site "Vrnjacka Banja"]
[Date "2022.09.29"]
[Round "10.20"]
[White "Bogosavljevic, Boban"]
[Black "Stojanovic, Mihajlo"]
[Result "1/2-1/2"]
[ECO "E04"]
[WhiteElo "2533"]
[BlackElo "2494"]
[Annotator "TA"]
[PlyCount "156"]
[EventDate "2022.09.20"]
[EventType "team-tourn"]
[EventCountry "SRB"]
[SourceTitle "playchess.com"]
[Source "ChessBase"]
[SourceQuality "1"]
[TimeControl "40/5400+30:1800+30"]

1. Nf3 d5 2. g3 Nf6 3. Bg2 c5 4. O-O Nc6 5. d4 e6 6. c4 dxc4 7. dxc5 Qxd1 8. Rxd1 Bxc5 9. Nbd2 c3 10. bxc3 O-O 11. Nb3 Be7 12. c4 Bd7 13. Bb2 {[%emt 0:00:00] E04: Open Catalan: 5 Nf3.} Rfc8 14. Rac1 Be8 15. Nfd4 {[%emt 0:00:00][%cal Bf3d4,Bd4b5,Bb5d6][%mdl 32] [#] The position is equal.} Kf8 $146 ({Predecessor:} 15... a5 16. Nxc6 Bxc6 17. Bxc6 Rxc6 18. Nd4 Rcc8 19. Nb5 a4 20. Bxf6 Bxf6 21. Rd7 b6 22. Rb7 Rab8 23. Ra7 Ra8 24. Rb7 Rab8 25. Ra7 Ra8 26. Rb7 {½-½ (26) So,W (2776)-Anand,V (2751) Warsaw 2022}) 16. Nb5 Rd8 17. c5 Rxd1+ 18. Rxd1 b6 19. Nd6 Rd8 20. Rc1 Nb4 21. Nxe8 (21. cxb6 {is interesting.} Bxd6 22. bxa7 Nfd5 23. e4) 21... Nxe8 22. a3 Na6 23. cxb6 axb6 24. a4 Bf6 {[%emt 0:03:11] Inhibits Bd4.} 25. Ba3+ {[%emt 0:01:42] This bishop pair is nice.} Be7 $1 26. Bb2 Bf6 {[%emt 0:00:07] Inhibits Bd4.} 27. Bxf6 Nxf6 28. e3 Rd3 29. Rb1 {[%emt 0:00:37] [#] Threatens to win with Bf1.} Rc3 30. Nd4 Nc5 31. Rxb6 Rc1+ 32. Bf1 {[%emt 0:00:04] Black must now prevent a5.} Nxa4 33. Rb8+ Ke7 34. Rb7+ Kf8 35. Rb8+ Ke7 36. Ra8 Nb6 37. Ra7+ Nfd7 38. Kg2 Nc8 39. Ra6 Nd6 40. Be2 Rc7 41. h4 Nb8 42. Ra8 Nc6 43. Nf3 Rc8 44. Ra6 Rc7 45. g4 h6 46. Bd1 Ne4 47. Ba4 Nb4 48. Ra8 Nd3 49. g5 hxg5 50. hxg5 {[%emt 0:00:02] [#] aiming for Re8+.} f6 51. Nd4 {[%emt 0:07:50] And now g6 would win.} Ndc5 52. gxf6+ gxf6 53. Rh8 {[%emt 0:00:24] Rh7+ is the strong threat.} Rb7 (53... Nxa4 $2 54. Rh7+ Kd6 55. Nb5+ Kc6 56. Nxc7 $18) 54. Rh7+ Kd6 55. Nb5+ Kc6 $1 56. Nd4+ Kd6 57. Nb5+ Kc6 $1 58. Na7+ (58. Rxb7 $11 Kxb7 59. Bc2) 58... Kb6 $15 59. Nc8+ Ka6 60. Rh4 Rg7+ (60... Rb2 $5 61. Bc6 Nxf2 $17) 61. Kf1 $1 Kb7 62. Bc2 f5 63. Bxe4+ Nxe4 64. Rxe4 fxe4 $11 {[%emt 0:00:03][%mdl 4096] Endgame KR-KN} 65. Nd6+ Kc6 66. Nxe4 Kd5 67. Ng3 e5 68. Ke2 e4 69. Nh5 Rf7 70. Nf4+ Ke5 71. Ng6+ Kf5 72. Nf4 Ra7 73. Kf1 Rg7 74. Ne2 Ke5 75. Ng3 Rg8 76. Kg2 Rg7 77. Kf1 Rg8 78. Kg2 $1 Rg7 {[%emt 0:00:07] Weighted Error Value: White=0.05 (flawless) /Black=0.02 (flawless)} 1/2-1/2

[Event "1st Serbian League 2022"]
[Site "Vrnjacka Banja"]
[Date "2022.09.29"]
[Round "10.21"]
[White "Pezelj, Novak"]
[Black "Vuckovic, Bojan"]
[Result "1/2-1/2"]
[ECO "D85"]
[WhiteElo "2496"]
[BlackElo "2559"]
[Annotator "TA"]
[PlyCount "78"]
[EventDate "2022.09.20"]
[EventType "team-tourn"]
[EventCountry "SRB"]
[SourceTitle "playchess.com"]
[Source "ChessBase"]
[SourceQuality "1"]
[TimeControl "40/5400+30:1800+30"]

1. d4 Nf6 2. c4 g6 3. Nc3 d5 4. cxd5 Nxd5 5. e4 Nxc3 6. bxc3 Bg7 7. Ba3 {[%emt 0:00:49] Recently 7.Nf3 got a lot of attention.} Nd7 {[%emt 0:05:29][%cal Oc7c5] D85: Exchange Grünfeld: Unusual White 7th moves and lines with 7 Nf3.} 8. Nf3 c5 9. Qb3 O-O 10. Bd3 b6 $5 {[%emt 0:14:16][%mdl 4] An interesting side line.} 11. Rd1 e6 {[%emt 0:03:39] [#]} 12. h4 $146 ({Predecessor:} 12. O-O Qc7 13. e5 Bb7 14. Ng5 Rfc8 15. Qb1 Rab8 16. h4 b5 17. h5 b4 18. hxg6 bxa3 19. gxf7+ {1-0 (35) Dolmatov,S (2550)-Bagirov,V (2500) Frunze 1983}) 12... Qc7 13. h5 Bb7 14. Ng5 (14. Kf1 $11) 14... h6 $1 $17 15. Nf3 g5 16. e5 ({Better is} 16. Bb1) 16... Rfd8 17. Bb1 $2 {[%emt 0:02:15] [#]} (17. O-O $17) 17... g4 (17... Nxe5 $1 $19 {[%mdl 512] is more deadly.} 18. Nxe5 Bxe5) 18. Nh4 (18. Nh2 $17 Nxe5 19. O-O cxd4 20. cxd4) 18... Nxe5 $1 $19 19. O-O (19. Qc2 $142 Nd7 20. Qh7+ Kf8 21. O-O) 19... Qe7 20. Ng6 Nf3+ (20... fxg6 $2 21. dxe5 gxh5 22. Qc2 Bxe5 23. Rde1 $17) 21. gxf3 fxg6 22. fxg4 gxh5 23. f3 $2 {[%emt 0:04:16] [#]} (23. dxc5 {is a better defense.} Bf3 24. Rxd8+ Rxd8 25. Re1) 23... hxg4 $1 (23... Qd6 24. Rd2 $17) 24. fxg4 Qh4 (24... Qd6 $142 25. Rd3 Rf8) 25. Qxe6+ Kh8 26. d5 Qg3+ (26... Bxc3 27. Rf7 Qg3+ 28. Kh1 Qh3+ 29. Kg1 Qg3+ 30. Kh1 Qh3+ 31. Kg1 Qg3+ $11) 27. Kh1 Qh3+ (27... Qxc3 28. Qe4 Qh3+ 29. Kg1 Qg3+ 30. Kh1 Qh3+ 31. Kg1 Qg3+ 32. Kh1 Qh3+ $11) 28. Kg1 Qg3+ (28... Qxc3 29. Qf5 Bd4+ 30. Rxd4 Qg3+ 31. Kh1 Qh3+ 32. Kg1 Qg3+ 33. Kh1 Qh3+ 34. Kg1 Qg3+ $11) (28... Bxc3 29. Rf7 Qg3+ 30. Kh1 Qh3+ 31. Kg1 Qg3+ 32. Kh1 Qh3+ 33. Kg1 $11) 29. Kh1 {[%emt 0:00:01] [#]} Rf8 $2 (29... Qxc3 30. Qe4 Qh3+ 31. Kg1 Qg3+ 32. Kh1 Qh3+ 33. Kg1 Qg3+ 34. Kh1 Qh3+ $11) ({Black should play} 29... Bc8 $1 $19 30. Qe4 Qh3+ 31. Kg1 Qxg4+ 32. Qxg4 (32. Kh2 $2 Qh3+ 33. Kg1 Bf5 $19) 32... Bxg4) 30. Qe4 $11 {[%emt 0:01:26][%csl Gb1][%cal Re4h7] The position is equal.} Qh3+ 31. Kg1 Qg3+ 32. Kh1 Qh3+ 33. Kg1 Qg3+ 34. Kh1 Bxd5 35. Qxd5 {[%emt 0:00:10] Really sharp!} (35. Rxf8+ {gets mated.} Rxf8 36. Qxd5 Qh4+ 37. Kg1 Qxg4+ 38. Kh1 Rf2 39. Qd8+ Bf8) 35... Qh3+ 36. Kg1 {[%emt 0:00:03] Hoping for Qg2.} Qe3+ 37. Kh1 {[%emt 0:01:30] Black must now prevent Qg2.} ({Wrong is} 37. Kh2 $2 Be5+ 38. Qxe5+ Qxe5+ $19) 37... Qh3+ 38. Kg1 {[%emt 0:00:01] Threatens to win with Qe4.} Qe3+ 39. Kh1 {[%emt 0:00:02] And now Qg2 would win.} ({Don't blunder} 39. Kh2 $2 Be5+ 40. Qxe5+ Qxe5+ $19) 39... Qh3+ {[%emt 0:01:07] Whites escaped into a draw.  Weighted Error Value: White=0.52/Black=0.37} 1/2-1/2

[Event "1st Serbian League 2022"]
[Site "Vrnjacka Banja"]
[Date "2022.09.29"]
[Round "10.22"]
[White "Roganovic, Milos"]
[Black "Ratkovic, Milovan"]
[Result "1/2-1/2"]
[ECO "B11"]
[WhiteElo "2487"]
[BlackElo "2411"]
[Annotator "TA"]
[PlyCount "34"]
[EventDate "2022.09.20"]
[EventType "team-tourn"]
[EventCountry "SRB"]
[SourceTitle "playchess.com"]
[Source "ChessBase"]
[SourceQuality "1"]
[TimeControl "40/5400+30:1800+30"]

1. e4 c6 2. Nc3 d5 3. Nf3 Bg4 4. h3 Bxf3 5. Qxf3 e6 6. d4 Nf6 7. Bd3 Be7 8. O-O {[%emt 0:09:47] B11: Caro-Kann: Two Knights Variation.} (8. e5 $5 Nfd7 9. O-O $14) 8... dxe4 9. Nxe4 Nxe4 10. Qxe4 {[%emt 0:02:38] White is slightly better.} Nd7 11. Be3 {[%emt 0:20:51] [#]} g6 $146 ({Predecessor:} 11... Nf6 12. Qf3 O-O 13. Rfd1 a5 14. c4 a4 15. Rac1 Qa5 16. Bd2 Qb6 {½-½ (42) Frederic,C (2242)-Degraeve,J (2527) Vaujany 2021}) 12. c4 O-O 13. Rad1 Re8 14. f4 Qc7 15. Qf3 Rad8 16. g4 Bf6 17. Kh1 (17. b3 $11) 17... c5 $1 {[%emt 0:04:13] Weighted Error Value: White=0.24 (precise) /Black=0.15 (very precise)} 1/2-1/2

[Event "1st Serbian League 2022"]
[Site "Vrnjacka Banja"]
[Date "2022.09.29"]
[Round "10.23"]
[White "Ratkovic, Miloje"]
[Black "Zajic, Milan"]
[Result "1/2-1/2"]
[ECO "D38"]
[WhiteElo "2498"]
[BlackElo "2402"]
[Annotator "TA"]
[PlyCount "89"]
[EventDate "2022.09.20"]
[EventType "team-tourn"]
[EventCountry "SRB"]
[SourceTitle "playchess.com"]
[Source "ChessBase"]
[SourceQuality "1"]
[TimeControl "40/5400+30:1800+30"]

1. d4 Nf6 2. c4 e6 3. Nf3 d5 4. Nc3 Bb4 5. Qa4+ Nc6 6. a3 Bxc3+ 7. bxc3 Bd7 8. cxd5 $1 {[%emt 0:00:27] The main line 8.cxd5 scores better than 8.Qc2. D38: Queen's Gambit Declined: Ragozin Defence (4 Nf3 Bb4).} exd5 9. Bg5 h6 10. Bh4 {[%emt 0:00:10] [#]} Qe7 $146 ({Predecessor:} 10... O-O 11. Qc2 Na5 12. Ne5 Be6 13. e3 c5 14. Bd3 Rc8 15. O-O cxd4 16. exd4 Qc7 {1-0 (41) Andreikin,D (2729)-Sarana,A (2668) Chess.com INT 2022}) 11. Qb3 Na5 12. Qb4 {[%emt 0:05:21] Black must now prevent Bxf6.} Qxb4 (12... b6 $11) 13. axb4 $14 {[%emt 0:03:15] And now Bxf6 would win.} Nc4 14. Bxf6 gxf6 15. e3 Nd6 16. Bd3 Bb5 17. Bxb5+ Nxb5 18. Kd2 Rg8 19. g3 c6 20. Kd3 O-O-O 21. Nh4 Rg5 22. Rhe1 Re8 23. f3 ({White should play} 23. Rec1 $16) 23... a6 (23... f5 $1 $14) 24. e4 $16 Nd6 25. exd5 Rxe1 26. Rxe1 cxd5 {[%emt 0:00:08][%mdl 4096] Endgame KRN-KRN} 27. Ng2 $1 Kd7 {[%emt 0:00:13] [#]} 28. Ne3 $1 Kc6 {[%emt 0:00:20] [#]} 29. Ng4 (29. Ra1 $1 $16) 29... h5 $1 $14 30. Nf2 h4 31. g4 Rg8 32. Re7 f5 33. gxf5 {[%emt 0:02:54] Ng4 is the strong threat.} Rg5 (33... Re8 $1 $11 34. Rxe8 Nxe8) 34. Ng4 $16 {[%emt 0:12:41] aiming for Ne5+.} Rxf5 35. Ke2 {[%emt 0:02:15] White is more active.} ({White must play} 35. Ne5+ $16 Kb5 36. Rd7) 35... Nc4 $11 {[%emt 0:00:30] The position is equal.} 36. Re8 b6 37. Rh8 a5 38. bxa5 ({Much weaker is} 38. Rxh4 a4 39. Rh8 a3 $17) 38... bxa5 39. Ne3 Nxe3 40. Kxe3 {[%emt 0:00:05] KR-KR} a4 41. Ra8 Kb5 42. Rb8+ $1 Ka5 43. Ra8+ Kb5 {[%emt 0:00:16] Threatens to win with ...Rf6.} 44. Rb8+ $1 Ka5 {[%emt 0:00:10] Strongly threatening ...Rf6.} 45. Ra8+ {[%emt 0:00:09] Weighted Error Value: White=0.11 (very precise) /Black=0.14 (very precise)} 1/2-1/2

[Event "1st Serbian League 2022"]
[Site "Vrnjacka Banja"]
[Date "2022.09.29"]
[Round "10.24"]
[White "Stankovic, Milos"]
[Black "Dimic, Pavle"]
[Result "0-1"]
[ECO "B62"]
[WhiteElo "2439"]
[BlackElo "2352"]
[Annotator "TA"]
[PlyCount "86"]
[EventDate "2022.09.20"]
[EventType "team-tourn"]
[EventCountry "SRB"]
[SourceTitle "playchess.com"]
[Source "ChessBase"]
[SourceQuality "1"]
[TimeControl "40/5400+30:1800+30"]

1. e4 c5 2. Nf3 d6 3. d4 cxd4 4. Nxd4 Nf6 5. Nc3 Nc6 6. Bg5 e6 7. Bb5 Bd7 8. Qd3 {[%emt 0:00:31] B62: Sicilian: Richter-Rauzer: 6...e6: Unusual White 7th moves.} Be7 {[%emt 0:25:51] 8...h6 deserves study.} 9. O-O-O Qc7 10. Rhe1 {[%emt 0:08:30] White is slightly better.} O-O 11. Bxc6 bxc6 {[%emt 0:03:15] [#]} 12. Nb3 $146 ({Predecessor:} 12. f4 Rab8 13. Nb3 Rfe8 14. e5 Nd5 15. Bxe7 Rxe7 16. exd6 Qxd6 17. g3 f6 18. Ne4 {½-½ (63) Rakotomaharo,F (2475)-Razafindratsima,T (2387) Paris 2021}) 12... e5 13. Bxf6 gxf6 14. f4 Kh8 15. f5 a5 16. a4 Rg8 17. g3 (17. Qh3 {looks sharper.} Rg5 18. g4 Rag8 19. Rg1) 17... Bc8 18. Qc4 Bd8 19. Qe2 Ba6 20. Qh5 Qe7 21. Kb1 Rb8 22. Rd2 Bc4 23. Nc1 (23. Re3 $11 {remains equal.}) 23... Bb6 (23... Qb7 24. b3 $15) (23... d5 $17 24. Nd1 Rg5) 24. Red1 Bc5 {[%emt 0:01:37][%cal Od6d5] Threatens to win with ...d5!} 25. Qh6 (25. b3 $15) 25... Rb6 $2 ({Don't do} 25... Qb7 26. Qxf6+ Rg7 27. b3 $18) ({Stronger than} 25... Bd4 26. Rxd4 exd4 27. Rxd4 $11) ({Black should play} 25... Bb4 $1 $19 {[%cal Rb4c3] And now ...Bxc3 would win.} 26. Qe3 Qb7) 26. b3 $1 $11 Rgb8 27. g4 Bb4 {[%emt 0:06:33] [#]} (27... Bd4 $14) 28. N1a2 ({White must play} 28. Rg2 $1 $16) 28... Bxc3 {[%emt 0:00:44] Chess con chili.} 29. Nxc3 d5 $36 {[%emt 0:02:32][%mdl 2048] Black is pushing.} 30. Ka1 $2 {[%emt 0:12:22][%mdl 8192] [#]} (30. exd5 $11 Qa3 31. Qxf6+ Kg8 32. Qg5+ (32. dxc6 $2 {leads to mate.} Rxb3+ 33. cxb3 Rxb3+ 34. Kc2 Qb2#) 32... Kf8 33. Nb5 cxb5 34. d6 Bxb3 35. Qe7+ Kg8 36. Qg5+ Kh8 37. Qf6+ Kg8 38. Qg5+ Kf8 39. Qe7+ Kg8 40. Qg5+) 30... d4 $2 (30... Qa3+ $1 {mates} 31. Na2 c5 32. Rb1 d4 33. Rg2 d3 34. Qc1 Qxc1 35. Nxc1 dxc2 36. Rxc2 Bxb3 37. Nxb3 Rxb3 38. Rxb3 Rxb3 39. Ka2 Rb4 40. Ka3 Rxe4 41. Rxc5 Rxg4 42. Rxa5 Rg8 43. Ra7 Re8 44. Rxf7 e4 45. Rd7 e3 46. Rd1 Kg7 47. Kb3 Kh6 48. Kc2 Kg5 49. Kd3 e2 50. Re1 Ra8 51. Kxe2 Rxa4 52. Kf3 Kxf5 53. Rc1 h5 54. Rc8 Ra3+ 55. Kg2 Kg5 56. Rg8+ Kf4 57. Rh8 Kg4 58. Rg8+ Kf4 59. Rh8 Kg5 60. Rg8+ Kf4) 31. Na2 (31. Nb1 $11) 31... c5 32. Rf2 (32. bxc4 $14 {is the one way to stay ahead.} Kg8 33. Re1) 32... Ba6 $17 33. g5 Qf8 34. Qh5 (34. Qxf8+ $17 Rxf8 35. gxf6) 34... fxg5 $19 35. f6 c4 36. Qxg5 (36. Rb1 $142 cxb3 37. Rxb3) 36... cxb3 37. cxb3 Rxb3 {[%emt 0:00:10] White must now prevent ...Bd3.} 38. Rfd2 {[%emt 0:01:19] Against Bd3} Bc4 39. Qxe5 d3 {[%emt 0:00:30] Strongly threatening ...Qd8.} 40. Rg1 $2 (40. Qg3) 40... Qd8 {[%emt 0:00:45] ( -> ...Qb6)} 41. Rf1 Qb6 {[%emt 0:04:48] Black mates.} 42. Rdd1 Ra3 43. Rf2 Qb3 {[%emt 0:02:04] Weighted Error Value: White=0.78/Black=0.42} 0-1

[Event "1st Serbian League 2022"]
[Site "Vrnjacka Banja"]
[Date "2022.09.29"]
[Round "10.25"]
[White "Budisavljevic, Luka"]
[Black "Risteski, Emil"]
[Result "1-0"]
[ECO "E94"]
[WhiteElo "2524"]
[BlackElo "2364"]
[Annotator "TA"]
[PlyCount "65"]
[EventDate "2022.09.20"]
[EventType "team-tourn"]
[EventCountry "SRB"]
[SourceTitle "playchess.com"]
[Source "ChessBase"]
[SourceQuality "1"]
[TimeControl "40/5400+30:1800+30"]

1. d4 Nf6 2. c4 g6 3. Nc3 Bg7 4. e4 d6 5. Be2 O-O 6. Nf3 Nbd7 7. O-O e5 8. Be3 c6 9. d5 c5 10. Ne1 {[%emt 0:00:23] White is more active.} Kh8 {[%emt 0:00:28] E94: King's Indian: Classical: 6 Be2 e5 7 0-0: Various Black 7th moves.} 11. Qd2 Ng8 12. g4 f5 {[%emt 0:04:14] And now ...f4 would win. White is slightly better.} 13. gxf5 (13. Bg5 $14 Bf6 14. Bxf6+ Ngxf6 15. f3 (15. gxf5 gxf5 16. exf5 Nb6 $11)) 13... gxf5 $11 14. exf5 Ndf6 {[%emt 0:03:08] [#]} 15. Nf3 $146 ({Predecessor:} 15. Bd3 Ne7 16. Qc2 Qe8 17. Ng2 Qh5 18. f3 Nxf5 19. Bxf5 Bxf5 20. Qd2 Rf7 21. Ne2 {0-1 (32) Guadalpi,D (2317)-Jaracz,P (2530) Warsaw 2005}) 15... Bxf5 16. Ng5 Qe7 17. Kh1 Ng4 18. Bxg4 Bxg4 19. Rg1 Nf6 20. Rg3 {[%emt 0:04:21] Hoping for Rag1.} Bf5 21. Qe2 Qe8 22. Nb5 (22. Rg2 $14) 22... Nh5 $2 {[%emt 0:13:40][%mdl 8192] [#] A mistake that costs the game.} (22... Qd7 $11 {and Black has nothing to worry.}) 23. Rg2 $1 $18 Qg6 {[%emt 0:03:49] [#]} 24. Nxd6 $1 Qxd6 25. Qxh5 {[%emt 0:00:08][%cal Oe3c5] Bxc5! is the strong threat.} Bg6 (25... Qg6 $142 26. Qxg6 hxg6) 26. Qg4 {[%emt 0:04:02][%cal Og5h7] Threatens to win with Nxh7!} Bf5 27. Qh4 b5 28. Rag1 {[%emt 0:04:23][%cal Og5h7] Nxh7! would kill now.} Bf6 29. Qh6 {[%emt 0:08:17][%cal Og5h7] White threatens Nxh7! and mate.} bxc4 $2 {[%emt 0:07:30] [#]} (29... Qe7 $18 30. cxb5 Rad8) 30. Bxc5 $1 {[%emt 0:00:41][%mdl 512] White mates.} Qxc5 {[%emt 0:01:49] [#]} (30... Bg7 31. Qxd6) 31. Nxh7 $1 Bxh7 {[%emt 0:00:20] [#]} (31... Bg5 32. Nxg5+) 32. Rg8+ $3 {[%emt 0:00:03][%mdl 576] Deflection} Rxg8 33. Qxf6+ {[%emt 0:00:04] Weighted Error Value: White=0.13 (very precise) /Black=0.66} 1-0

[Event "1st Serbian League 2022"]
[Site "Vrnjacka Banja"]
[Date "2022.09.29"]
[Round "10.26"]
[White "Djokic, Mihailo"]
[Black "Puranik, Abhimanyu"]
[Result "1/2-1/2"]
[ECO "B85"]
[WhiteElo "2197"]
[BlackElo "2603"]
[Annotator "TA"]
[PlyCount "80"]
[EventDate "2022.09.20"]
[EventType "team-tourn"]
[EventCountry "SRB"]
[SourceTitle "playchess.com"]
[Source "ChessBase"]
[SourceQuality "1"]
[TimeControl "40/5400+30:1800+30"]

1. e4 c5 2. Nf3 e6 3. d4 cxd4 4. Nxd4 Nc6 5. Nc3 a6 6. Be2 Qc7 7. O-O Nf6 8. Be3 Be7 9. f4 d6 10. Kh1 O-O 11. Qe1 Nxd4 12. Bxd4 b5 13. a3 Bb7 14. Qg3 Rad8 15. Rae1 {[%emt 0:00:00] B85: Sicilian Scheveningen: 6 Be2 a6, lines with early Be3.} Rd7 16. Bd3 Re8 17. Qh3 {[%emt 0:00:00][%cal Oc3d5] Black must now prevent Nd5! White has an edge.} g6 (17... e5 $11) 18. f5 $1 $16 {[%emt 0:00:00] And now fxg6 would win. White is more active.} (18. Qh6 e5 19. Bg1 d5 $11) 18... e5 19. Be3 Qc8 (19... Bd8 $16 {was necessary.}) 20. Bg5 $1 $18 {[%emt 0:00:00] [#]} Rc7 $146 (20... Nh5 $142) ({Predecessor:} 20... Nh5 21. f6 h6 22. Be2 hxg5 23. Bxh5 Bf8 24. Bg4 Red8 25. Qe3 Bh6 {1-0 (41) Himanshu,S (2469)-Gareyev,T (2606) Bhopal 2017}) 21. Qh4 $1 (21. fxg6 Qxh3 22. gxh3 Kg7 $16) 21... Nh5 {[%emt 0:00:14] [#]} 22. f6 (22. Bxe7 $1 $18 {and the rest is easy.} Rexe7 23. Be2) 22... Bf8 $16 23. g4 (23. Nd5 $16) 23... Nf4 $1 $15 24. Re3 (24. Bxf4 $15 exf4 25. g5 (25. Rxf4 Qe6 $11)) 24... Rxc3 25. bxc3 d5 ({Black should try} 25... Qxc3 $17 26. Bh6 Qc5) 26. Rxf4 $11 {[%emt 0:00:00] The position is equal.} ({Reject} 26. Bxf4 exf4 27. Rxf4 (27. Rh3 $2 h6 $19) 27... Qxc3 $17) 26... exf4 27. Rh3 h5 28. gxh5 dxe4 29. Be2 {[%emt 0:00:00] White threatens hxg6 and mate.} e3+ 30. Kg1 $1 Qc6 (30... Qxc3 $2 31. hxg6 Bh6 32. gxf7+ Kxf7 33. Qh5+ Ke6 34. Qxe8+ $18) 31. Rf3 {[%emt 0:00:00] Threatening mate with hxg6.} (31. Bf3 {[#]} e2 $1 32. Bxc6 Bc5+ 33. Kg2 Bxc6+ 34. Rf3 Re3 $19) 31... Re5 $1 (31... Bxa3 32. hxg6 fxg6 33. f7+ Kxf7 34. Qxf4+ (34. Qh7+ Ke6 $16) 34... Ke6 35. Rxe3+) 32. hxg6 {[%emt 0:00:00] Dancing on a razor blade.} fxg6 {[%emt 0:00:02] Threatens to win with ...Rf5.} 33. f7+ $1 $40 {[%emt 0:00:00][%mdl 128] White attacks.} Kxf7 {[%emt 0:00:05] aiming for ...Rf5.} 34. Rxf4+ Ke8 35. Rxf8+ $1 Kxf8 36. Qh8+ Kf7 37. Qh7+ Kf8 (37... Ke6 38. Qg8+ Kf5 39. Qf8+ Ke6 40. Qf6+ Kd5 41. Bf3+ Re4 42. Qe7 $18) 38. Qh8+ Kf7 39. Qh7+ Kf8 $1 (39... Ke6 $2 40. Qg8+ Kd6 41. Qf8+ Kd7 42. Qd8+ Ke6 43. Qf6+ Kd5 44. Bf3+ Re4 45. Qe7 $18) 40. Qh8+ Kf7 {[%emt 0:00:00] Weighted Error Value: White=0.16 (very precise) /Black=0.22 (precise)} 1/2-1/2

[Event "1st Serbian League 2022"]
[Site "Vrnjacka Banja"]
[Date "2022.09.29"]
[Round "10.27"]
[White "Pap, Misa"]
[Black "Jocev, Milan"]
[Result "0-1"]
[ECO "C77"]
[WhiteElo "2381"]
[BlackElo "2283"]
[Annotator "TA"]
[PlyCount "116"]
[EventDate "2022.09.20"]
[EventType "team-tourn"]
[EventCountry "SRB"]
[SourceTitle "playchess.com"]
[Source "ChessBase"]
[SourceQuality "1"]
[TimeControl "40/5400+30:1800+30"]

1. e4 e5 2. Nf3 Nc6 3. Bb5 a6 4. Ba4 Nf6 5. O-O Be7 6. d3 b5 7. Bb3 O-O 8. Nc3 d6 9. a3 Na5 {[%emt 0:00:57] C77: Ruy Lopez: 3...a6 4 Ba4 Nf6, unusual lines.} 10. Ba2 c5 11. Nd5 (11. b4 $5 Nc6 12. Nd5 $11) 11... Nc6 {[%emt 0:06:43] The position is equal.} 12. c3 h6 13. b4 Be6 {[%emt 0:08:27] [#]} 14. Nh4 $146 ({Predecessor:} 14. Be3 Ng4 15. Bd2 Re8 16. a4 cxb4 17. cxb4 Nf6 18. axb5 axb5 19. Bb3 Rc8 20. Ra6 {0-1 (57) Bjerre,J (2569)-Niemann,H (2638) Riga 2021}) 14... c4 15. Nxe7+ (15. dxc4 $11 {should be considered.} Nxe4 16. Nf3) 15... Qxe7 $15 16. Qf3 {[%emt 0:12:33] [#]} Nxe4 $1 17. Qxe4 d5 18. Nf5 dxe4 19. Nxe7+ Nxe7 20. dxe4 a5 21. bxa5 Nc6 22. Be3 Nxa5 {[%emt 0:00:20] Black converts the advantage convincingly.} 23. Rab1 ({White should try} 23. Bc5 $15) 23... Nb3 $17 24. Bxb3 (24. f4 $17 {was necessary.}) 24... cxb3 $19 25. Bc5 {[%emt 0:00:12] [#]} Rfd8 {[%emt 0:00:23] Hoping for ...Rd2.} 26. Rb2 {[%emt 0:02:15] Against Rd2} Rd3 27. Rc1 (27. Rfb1 {keeps fighting.}) 27... Bc4 (27... Rc8 $142 28. Bb4 Rcd8) 28. f3 $2 (28. g3) 28... Rad8 29. Rcb1 Rxc3 30. Kf2 Rc2+ 31. Rxc2 bxc2 {[%emt 0:00:07][%mdl 4096] Endgame KRB-KRB} 32. Rc1 Rd2+ 33. Kg3 Bd3 34. Be3 Re2 35. Bc5 f6 36. Bb4 Kf7 37. h4 h5 38. Ra1 g6 39. Rc1 (39. Bc3 $142) 39... f5 40. exf5 gxf5 {[%emt 0:00:06] And now ...f4+ would win.} 41. Kh3 f4 {[%emt 1:00:15] aiming for ...e4.} 42. g4 Ke6 43. Bc3 Kd5 (43... Rf2 $142 44. Bd2 Rxd2 45. a4 bxa4 46. Rh1 Rd1 47. Kh2 c1=Q 48. Rxd1 Qxd1 49. Kg2 Bf1+ 50. Kg1 Qxf3 51. gxh5 Qg2#) 44. Bb2 Rf2 {[%emt 0:00:00] Black mates.} 45. Re1 Rxf3+ 46. Kh2 Rf2+ 47. Kg1 Re2 48. Rxe2 Bxe2 {[%emt 0:00:00] KB-KB} 49. g5 Bd3 50. Kf2 e4 51. g6 e3+ 52. Kf3 Bxg6 53. Kxf4 e2 54. Kg5 Be8 55. Kh6 e1=Q 56. Kg7 Qe6 57. Bc1 Qg6+ 58. Kh8 Bf7 {[%emt 0:00:00] Weighted Error Value: White=0.63/Black=0.18 (very precise)} 0-1

[Event "1st Serbian League 2022"]
[Site "Vrnjacka Banja"]
[Date "2022.09.29"]
[Round "10.28"]
[White "Radojicic, Aleksandar M"]
[Black "Savic, Miodrag R"]
[Result "1/2-1/2"]
[ECO "D00"]
[WhiteElo "2192"]
[BlackElo "2406"]
[Annotator "TA"]
[PlyCount "69"]
[EventDate "2022.09.20"]
[EventType "team-tourn"]
[EventCountry "SRB"]
[SourceTitle "playchess.com"]
[Source "ChessBase"]
[SourceQuality "1"]
[TimeControl "40/5400+30:1800+30"]

1. d4 Nf6 2. Nc3 d5 3. Bf4 a6 4. e3 b5 5. h4 h6 6. Bd3 {[%emt 0:00:00] D00: 1 d4 d5: Unusual lines.} e6 {[%emt 0:01:46] [#]} 7. Nce2 $146 ({Predecessor:} 7. Nf3 c5 8. dxc5 Bxc5 9. a4 b4 10. Ne2 Nc6 11. Ned4 Bb7 12. Nxc6 Bxc6 13. Ne5 {1-0 (43) Cabarkapa,N (2466)-Ivanovic,M (2294) Paracin 2022}) 7... c5 {[%emt 0:01:04] [#] Threatens to win with ...c4.} 8. c3 Nc6 9. Nf3 Bb7 10. O-O c4 11. Bc2 Be7 12. Ng3 O-O 13. Qd2 Ng4 (13... Ne4 $5 14. Qe2 (14. Nxe4 dxe4 15. Bxe4 Nxd4 $15) 14... f5 $15) 14. h5 f5 15. Ne5 Ngxe5 16. Bxe5 Nxe5 17. dxe5 Qe8 18. Bd1 Bc5 19. f4 Ra7 20. Bf3 Bc8 21. Ne2 g5 {[%emt 0:02:09] [#]} (21... a5 $11) 22. hxg6 $1 $16 Qxg6 23. Kf2 Rh7 24. Rh1 h5 25. Rh3 {[%emt 0:00:00] Rg3 is the strong threat.} h4 {[%emt 0:03:29] Against Rg3} 26. g3 Kh8 27. gxh4 Rg8 28. Rg1 {[%emt 0:00:00] Really sharp!} Qf7 29. Rxg8+ Qxg8 30. Rg3 Qd8 31. h5 Qh4 32. Qc1 Qh2+ {[%emt 0:01:21] The position is equal.} 33. Rg2 Qh4+ 34. Rg3 Qh2+ 35. Rg2 {[%emt 0:04:02] Weighted Error Value: White=0.09 (flawless) /Black=0.11 (very precise)} 1/2-1/2